 Dungeon Crawl Stone Soup version 0.21-a0-404-g291f19a (webtiles) character file.

36 grizmgrazm2 the Bolt Thrower (level 3, -1/31 HPs)
             Began as a Gnoll Wanderer on Oct 26, 2017.
             Slain by a phantom (3 damage)
             ... on level 2 of the Dungeon.
             The game lasted 00:02:28 (1043 turns).

grizmgrazm2 the Bolt Thrower (Gnoll Wanderer)       Turns: 1043, Time: 00:02:29

Health: -1/31      AC:  5    Str: 18    XL:     3   Next: 37%
Magic:  4/4        EV: 13    Int: 14    God:
Gold:   39         SH:  0    Dex: 16    Spells: 3/3 levels left

rFire    . . .     SeeInvis .   d - +0 short sword
rCold    . . .     Gourm    .   (no shield)
rNeg     . . .     Faith    .   a - +2 leather armour
rPois    .         Spirit   .   (no helmet)
rElec    .         Reflect  .   (no cloak)
rCorr    .         Harm     .   (no gloves)
MR       .....                  (no boots)
Stlth    ++........             (no amulet)
HPRegen  0.10/turn              (no ring)
MPRegen  0.09/turn              (no ring)

@: mighty
A: distributed training, fangs 1, strong nose
a: no special abilities


You were on level 2 of the Dungeon.
You were not hungry.

You visited 1 branch of the dungeon, and saw 2 of its levels.

You collected 39 gold pieces.

Inventory:

Hand Weapons
 b - a +0 hand crossbow
 d - a +0 short sword (weapon)
Missiles
 c - 43 bolts
Armour
 a - a +2 leather armour (worn)
Potions
 k - a potion of curing {unknown}
 l - a potion of heal wounds {unknown}
Comestibles
 f - a bread ration
 g - a meat ration
 h - 4 fruits
 i - a royal jelly


   Skills:
 + Level 4.5 Fighting
 + Level 2.6 Short Blades
 + Level 0.7 Long Blades
 + Level 0.7 Axes
 + Level 0.7 Maces & Flails
 + Level 0.7 Polearms
 + Level 0.7 Staves
 + Level 0.7 Slings
 + Level 0.7 Bows
 + Level 4.5 Crossbows
 + Level 2.6 Throwing
 + Level 2.6 Armour
 + Level 2.6 Dodging
 + Level 2.3 Stealth
 + Level 2.6 Shields
 + Level 0.7 Unarmed Combat
 + Level 0.7 Spellcasting
 + Level 0.5 Conjurations
 + Level 0.5 Hexes
 + Level 0.5 Charms
 + Level 0.5 Summonings
 + Level 0.5 Necromancy
 + Level 0.5 Translocations
 + Level 0.5 Transmutations
 + Level 0.5 Fire Magic
 + Level 0.5 Ice Magic
 + Level 0.5 Air Magic
 + Level 0.5 Earth Magic
 + Level 0.5 Poison Magic
 + Level 0.9 Invocations
 + Level 0.7 Evocations


You had 3 spell levels left.
You didn't know any spells.

Dungeon Overview and Level Annotations

Branches:
Dungeon (2/15)

Altars:


Innate Abilities, Weirdness & Mutations

Your experience applies equally to all skills.
You have very sharp teeth.
Your uncanny sense of smell can sniff out nearby items.


Message History

The phantom blinks!
You closely miss the phantom.
The phantom is moderately damaged.
The phantom hits you!
* * * LOW HITPOINT WARNING * * *
The phantom blinks!
There is a stone staircase leading up, spattered with blood here.
You hit the phantom.
The phantom is moderately damaged.
The phantom barely misses you.
You closely miss the phantom.
The phantom is moderately damaged.
The phantom barely misses you.
You hit the phantom.
The phantom is heavily damaged.
The phantom closely misses you.
You closely miss the phantom.
The phantom is heavily damaged.
The phantom hits you.
You die...

((.(.## ###.# ..
#(..#..# ####.#.###...
###......###..........##
......(........#........
.........##.......##
......(##..##.....####
..........######.....##
...##W..### #..##...
#.@## ##.###.. ##.#
#######.##..> #..
............† ####
#####........ #........
#........ #........
#########


You could see a phantom.

Vanquished Creatures
  An adder (D:2)
  A worm (D:2)
  2 dart slugs (D:1)
  A leopard gecko (D:1)
  3 goblins (D:1)
  2 hobgoblins (D:1)
  A bat (D:1)
  2 frilled lizards
  3 kobolds (D:1)
  4 rats (D:1)
20 creatures vanquished.

Notes
Turn   | Place    | Note
-------+----------+-------------------------------------------
     0 | D:1      | grizmgrazm2 the Gnoll Wanderer began the quest for the Orb.
     0 | D:1      | grizmgrazm2 set off with: a +2 leather armour, a +0 hand crossbow, 23 bolts, a +0 short sword, a bread ration
     0 | D:1      | Reached XP level 1. HP: 20/20 MP: 1/1
   278 | D:1      | Reached XP level 2. HP: 26/26 MP: 2/2
   706 | D:2      | Reached XP level 3. HP: 31/31 MP: 3/3
   737 | D:2      | Noticed a phantom
  1043 | D:2      | Slain by a phantom

Vault maps used:
D:1:      kennysheep_arrival_forest, columned_hall_lemuel
D:2:      lemuel_round_altar, xom_teletrap_fun

Action                   || total
-------------------------++-------
Melee: Short sword       ||    40
       Bite              ||     2
 Fire: Hand crossbow     ||    33
  Use: Potion            ||     1
Armor: Leather armour    ||     8
Dodge: Dodged            ||    18

Table legend:
 A = Spawn XP
 B = Non-spawn XP
 C = Spawn XP percentage of total XP
 D = Spawn monster count
 E = Non-spawn monster count
 F = Spawn count percentage of total count
 G = Total turns spent on level
                    A         B        C        D         E        F      G
               +---------+---------+-------+---------+---------+-------+---------
         Total |       0 |      52 |   0.0 |       0 |      20 |   0.0 |  1043
               +---------+---------+-------+---------+---------+-------+---------
           D:1 |       0 |      32 |   0.0 |       0 |      17 |   0.0 |   950
           D:2 |       0 |      20 |   0.0 |       0 |       3 |   0.0 |    93
               +---------+---------+-------+---------+---------+-------+---------
